[Event "Titled Tuesday Blitz March 07 Late 2023"]
[White "Pfreundt, Jakob"]
[Black "Ansh M Shah"]
[WhiteFideId "12918156"]
[BlackFideId "25033379"]
[WhiteElo "2318"]
[BlackElo "2084"]
[Result "0-1"]
[Round "03"]
[TimeControl "180+2"]
[Date "2023.03.07"]
[WhiteClock "0:00:04"]
[BlackClock "0:00:04"]

1. Nf3 Nf6 2. g3 g6 3. Bg2 Bg7 4. O-O O-O 5. d4 d5 6. c3 b6 7. c4 Bb7 8. Ne5 Nbd7 9. Nc3 e6 10. Bf4 c5 11. cxd5 Nxd5 12. Nxd5 Bxd5 13. Bxd5 exd5 14. Nc6 Qe8 15. Bd6 Qe6 16. Bxf8 Bxf8 17. Ne5 Nxe5 18. dxe5 Qxe5 19. e3 Bg7 20. Rb1 Rd8 21. Qa4 Qe7 22. Rfd1 d4 23. Qc2 Re8 24. exd4 Bxd4 25. Rd2 Qf6 26. Qd3 Rd8 27. Qe2 Kg7 28. Rbd1 Rd7 29. Kg2 Re7 30. Qf3 Qd6 31. b4 Re6 32. bxc5 bxc5 33. Qb3 Rf6 34. Re2 Qc6+ 35. Kg1 Rf3 36. Qc2 Qf6 37. Rf1 h5 38. Qe4 Rf5 39. Kg2 Rg5 40. Qf3 Rf5 41. Qe4 Re5 42. Qd3 Rf5 43. h4 Rd5 44. Qe4 Rf5 45. Qf3 Rxf3 46. Rd1 Rf5 47. Rd3 Rd5 48. Rf3 Qc6 49. Re4 Rd6 50. Ref4 Rf6 0-1


[Site "https://www.chess.com"]

[Event "Titled Tuesday Blitz March 07 Late 2023"]
[White "Cuenca Jimenez, Jose Fernando"]
[Black "Yeritsyan, Hayk"]
[WhiteFideId "2255570"]
[BlackFideId "13307320"]
[WhiteElo "2429"]
[BlackElo "2453"]
[Result "1-0"]
[Round "03"]
[TimeControl "180+2"]
[Date "2023.03.07"]
[WhiteClock "0:00:25"]
[BlackClock "0:00:01"]

1. c4 c6 2. e4 d5 3. exd5 cxd5 4. cxd5 Nf6 5. Nc3 Nxd5 6. Nf3 Nxc3 7. bxc3 e6 8. d4 Be7 9. Bd3 O-O 10. Qe2 Nd7 11. O-O Nf6 12. Bg5 Rb8 13. Ne5 Nd5 14. Bd2 Qc7 15. c4 Nf6 16. Bf4 Qd8 17. Nxf7 Rxf7 18. Bxb8 Qxd4 19. Rad1 Qh4 20. Bg3 Qg5 21. Qe5 Qxe5 22. Bxe5 Bd7 23. Rfe1 Bc6 24. Bxf6 Rxf6 25. Be4 Bc5 26. Rd2 Bb4 27. Rd8+ Kf7 28. Rb1 Bc5 29. Bxc6 Bxf2+ 30. Kh1 bxc6 31. Rd7+ Kg6 32. Rf1 c5 33. Rd2 Bd4 34. Rxf6+ gxf6 35. g3 e5 36. Kg2 e4 37. Rd1 f5 38. Rb1 h5 39. Rb7 h4 40. Rxa7 hxg3 41. hxg3 Kg5 42. Ra8 Kg4 43. Rg8+ Kh5 44. a4 Bc3 45. Ra8 Kg4 46. a5 e3 47. Re8 Bxa5 48. Rxe3 Bb4 49. Re8 Kg5 50. Kf3 Bc3 51. Re6 Bd4 52. Rc6 Bg1 53. Rc7 Bd4 54. Rc8 Kh5 55. Rg8 Be5 56. g4+ 1-0


[Site "https://www.chess.com"]

[Event "Titled Tuesday Blitz March 07 Late 2023"]
[White "Gonzalez, Francisco Silva"]
[Black "Bujisho, Benjamin"]
[WhiteFideId "1512285"]
[BlackFideId "608610"]
[WhiteElo "2074"]
[BlackElo "2371"]
[Result "0-1"]
[Round "03"]
[TimeControl "180+2"]
[Date "2023.03.07"]
[WhiteClock "0:01:27"]
[BlackClock "0:00:54"]

1. d4 d6 2. e4 g6 3. c4 Nf6 4. Nc3 Bg7 5. f3 O-O 6. Be3 c5 7. Nge2 Nc6 8. d5 Ne5 9. Ng3 a6 10. Be2 b5 11. cxb5 axb5 12. Nxb5 Ba6 13. O-O c4 14. Na3 Nfd7 15. Qc2 Rc8 16. Qa4 Ra8 17. Qc2 Qa5 18. Nxc4 Nxc4 19. Bxc4 Rfc8 20. b3 Bxa1 21. Rxa1 Ne5 22. Bh6 Bxc4 23. bxc4 Rxc4 24. Qb2 Qc5+ 25. Kh1 Rc2 26. Qb7 Re8 27. a4 Qf2 28. Rg1 Nxf3 29. Ne2 Rxe2 30. Be3 Rxe3 31. Rf1 Re1 32. Qc8 Qg1+ 0-1


[Site "https://www.chess.com"]

[Event "Titled Tuesday Blitz March 07 Late 2023"]
[White "Hjartarson, Johann"]
[Black "Mazurkiewicz, Michal"]
[WhiteFideId "2300044"]
[BlackFideId "1124943"]
[WhiteElo "2416"]
[BlackElo "2054"]
[Result "0-1"]
[Round "03"]
[TimeControl "180+2"]
[Date "2023.03.07"]
[WhiteClock "0:00:01"]
[BlackClock "0:00:10"]

1. c4 Nf6 2. Nf3 g6 3. Nc3 Bg7 4. e4 d6 5. d4 O-O 6. Be2 c5 7. d5 e6 8. O-O exd5 9. cxd5 Re8 10. Nd2 Na6 11. f3 Nc7 12. a4 b6 13. Nc4 Rb8 14. Bf4 Bf8 15. Qd2 a6 16. e5 dxe5 17. Nxe5 Bb7 18. Bc4 Bd6 19. Rfe1 Nh5 20. Bg5 f6 21. Nc6 Bxc6 22. dxc6+ Kg7 23. Bh6+ Kh8 24. Rxe8+ Nxe8 25. Rd1 Qc7 26. g3 Qxc6 27. Qe2 Be5 28. Bxa6 Nc7 29. Bc4 Re8 30. Qd3 Bd4+ 31. Kg2 Ne6 32. Bb5 Qc8 33. Bxe8 Qxe8 34. Qe4 f5 35. Qd3 Qf7 36. Ne2 g5 37. Nxd4 Nef4+ 38. gxf4 Nxf4+ 39. Kg1 Nxd3 40. Rxd3 cxd4 41. Rxd4 Qf6 42. Rd5 Qxh6 43. Rxf5 Kg7 44. Rb5 Qc6 45. Kg2 Kg6 46. Kg3 h5 47. h4 Qd6+ 48. Kh3 Qe6+ 49. Kg3 Qd6+ 50. Kh3 Qd7+ 51. Kg3 Qc7+ 52. Kh3 gxh4 53. Kxh4 Qf4+ 54. Kh3 Qxf3+ 55. Kh2 Qf2+ 56. Kh3 h4 57. Rb3 Qf5+ 58. Kxh4 Qf6+ 59. Kg3 Qe5+ 0-1


[Site "https://www.chess.com"]

[Event "Titled Tuesday Blitz March 07 Late 2023"]
[White "Skvortsov, Andrei"]
[Black "Koutlas, Nikolaos"]
[WhiteFideId "24108600"]
[BlackFideId "25827138"]
[WhiteElo "2259"]
[BlackElo "2215"]
[Result "1-0"]
[Round "03"]
[TimeControl "180+2"]
[Date "2023.03.07"]
[WhiteClock "0:00:34"]
[BlackClock "0:00:02"]

1. g3 h5 2. Nf3 Nc6 3. e4 e5 4. Bc4 Bc5 5. d3 d6 6. Ng5 Nh6 7. Qxh5 Qf6 8. Rf1 Bxf2+ 9. Rxf2 Qxf2+ 10. Kxf2 Ng4+ 11. Qxg4 Bxg4 12. h4 Nd4 13. Na3 f6 14. c3 fxg5 15. cxd4 gxh4 16. gxh4 exd4 17. Bg5 Kd7 18. Kg3 Bh5 19. Rf1 Raf8 20. Rf4 a6 21. Bb3 b5 22. Nc2 c5 23. Ne1 a5 24. Ng2 c4 25. dxc4 a4 26. Bc2 bxc4 27. Bxa4+ Kc7 28. Be7 Rxf4 29. Nxf4 Bf7 30. Bd1 Rb8 31. b3 cxb3 32. axb3 Bxb3 33. Bf3 Kd7 34. Bg5 Bf7 35. Bg4+ Kc6 36. Kf2 Rb2+ 37. Ke1 Bc4 38. Be2 Bxe2 39. Nxe2 d3 40. Nc1 d2+ 41. Bxd2 Rb5 42. Kf2 Rh5 43. Bg5 Rh8 44. Nd3 Re8 45. Kf3 d5 46. e5 Kb5 47. Bf4 Kc4 48. Nb2+ Kc3 49. Nd1+ Kd3 50. Nf2+ Kc4 51. Ng4 d4 52. Ke4 d3 53. Nf2 Rd8 54. Nd1 Rd4+ 55. Kf3 d2 56. e6 1-0


[Site "https://www.chess.com"]

[Event "Titled Tuesday Blitz March 07 Late 2023"]
[White "Slade, Theodore"]
[Black "Zhu, Jiner"]
[WhiteFideId "426547"]
[BlackFideId "8608059"]
[WhiteElo "1964"]
[BlackElo "2384"]
[Result "1-0"]
[Round "03"]
[TimeControl "180+2"]
[Date "2023.03.07"]
[WhiteClock "0:02:11"]
[BlackClock "0:02:13"]

1. d4 Nf6 2. c4 g6 3. Nc3 Bg7 4. e4 d6 5. Nf3 c5 6. Be2 O-O 7. O-O cxd4 8. Nxd4 Bd7 9. Be3 Nc6 10. f3 Qa5 11. Qd2 Rfc8 12. Rfd1 a6 13. Rac1 Nxd4 14. Bxd4 b5 15. Bxf6 Bxf6 16. Nd5 Qxa2 17. Nxf6+ exf6 18. Ra1 Qb3 19. Ra3 1-0


[Site "https://www.chess.com"]

[Event "Titled Tuesday Blitz March 07 Late 2023"]
[White "Dzida, Kamil"]
[Black "Ashraf, Artin"]
[WhiteFideId "21828652"]
[BlackFideId "22514805"]
[WhiteElo "2139"]
[BlackElo "2188"]
[Result "1-0"]
[Round "03"]
[TimeControl "180+2"]
[Date "2023.03.07"]
[WhiteClock "0:00:07"]
[BlackClock "0:00:03"]

1. e4 c5 2. Nf3 d6 3. d4 cxd4 4. Nxd4 Nf6 5. Nc3 a6 6. g3 b5 7. Bg2 Bb7 8. O-O e6 9. Re1 Qc8 10. Bg5 Nbd7 11. Nd5 Rb8 12. a4 b4 13. c3 bxc3 14. Rc1 exd5 15. exd5+ Ne5 16. Rxc3 Qg4 17. Qxg4 Nxg4 18. h3 Nxf2 19. Kxf2 Be7 20. Bd2 O-O 21. Nf5 Bf6 22. Nxd6 Ba8 23. Ne4 Rxb2 24. Nxf6+ gxf6 25. Rd1 Rd8 26. Kg1 Kg7 27. Bf4 Ng6 28. Bc1 Ra2 29. Rd2 Ra1 30. Kh2 Ne5 31. Ba3 Rd7 32. Bc5 Rb1 33. d6 Bxg2 34. Kxg2 Rbb7 35. a5 Ng6 36. Bb6 Ne5 37. Rc7 Ng6 38. Rxb7 Rxb7 39. d7 1-0


[Site "https://www.chess.com"]

[Event "Titled Tuesday Blitz March 07 Late 2023"]
[White "Haydon, David L"]
[Black "Sreyas Payyappat"]
[WhiteFideId "415405"]
[BlackFideId "46674969"]
[WhiteElo "2326"]
[BlackElo "2083"]
[Result "0-1"]
[Round "03"]
[TimeControl "180+2"]
[Date "2023.03.07"]
[WhiteClock "0:01:09"]
[BlackClock "0:00:16"]

1. e4 c6 2. d4 d5 3. Nd2 dxe4 4. Nxe4 Nf6 5. Nxf6+ exf6 6. Nf3 Bd6 7. c3 O-O 8. Be2 Bg4 9. O-O Nd7 10. h3 Bh5 11. Nh4 Bxe2 12. Qxe2 Re8 13. Qd3 Nc5 14. Qf3 Ne4 15. Re1 Ng5 16. Rxe8+ Qxe8 17. Bxg5 fxg5 18. Nf5 Bf4 19. g3 Qe6 20. Qg4 h5 21. Qxh5 g6 22. Nh6+ Kg7 23. Qg4 f5 24. Qf3 Bd6 25. Nxf5+ Qxf5 26. Qe2 Qxh3 27. Re1 Rh8 28. Qe4 Qh2+ 29. Kf1 Qh1+ 30. Qxh1 Rxh1+ 31. Ke2 Rxe1+ 32. Kxe1 Kf6 33. g4 Bf4 34. Ke2 Ke6 35. f3 Kd5 36. Kd3 b5 37. b3 c5 38. c4+ bxc4+ 39. bxc4+ Kd6 40. Ke4 cxd4 41. Kxd4 Kc6 42. a4 Bg3 43. Kd3 Kc5 44. Kc3 Be5+ 45. Kd3 Kb4 46. f4 Bxf4 47. Ke4 Kxc4 48. Kf3 Kb4 49. Kg2 Kxa4 50. Kf3 Kb4 51. Kg2 a5 52. Kh3 a4 53. Kg2 a3 54. Kh3 a2 55. Kg2 a1=Q 56. Kf3 Qe1 0-1


[Site "https://www.chess.com"]

[Event "Titled Tuesday Blitz March 07 Late 2023"]
[White "Shohat, Yotam"]
[Black "Lewicki, Miroslaw"]
[WhiteFideId "2813955"]
[BlackFideId "1113380"]
[WhiteElo "2226"]
[BlackElo "2212"]
[Result "1-0"]
[Round "03"]
[TimeControl "180+2"]
[Date "2023.03.07"]
[WhiteClock "0:01:03"]
[BlackClock "0:00:18"]

1. e4 b6 2. d4 Bb7 3. Bd3 Nf6 4. f3 e6 5. c4 d5 6. cxd5 exd5 7. e5 Nfd7 8. f4 c5 9. Nf3 Nc6 10. Nc3 cxd4 11. Ne2 Bc5 12. a3 a5 13. O-O O-O 14. Ng3 h6 15. Nf5 Re8 16. N3h4 Bf8 17. Nxh6+ gxh6 18. Qg4+ Kh8 19. Qf5 Bg7 20. Qh7# 1-0


[Site "https://www.chess.com"]

[Event "Titled Tuesday Blitz March 07 Late 2023"]
[White "Brozyna, Mateusz"]
[Black "Di Berardino, Diego Rafael"]
[WhiteFideId "21816140"]
[BlackFideId "2105446"]
[WhiteElo "2189"]
[BlackElo "2432"]
[Result "1-0"]
[Round "03"]
[TimeControl "180+2"]
[Date "2023.03.07"]
[WhiteClock "0:00:15"]
[BlackClock "0:00:08"]

1. e4 c5 2. Nf3 b6 3. b3 Bb7 4. Nc3 e6 5. Bb2 Nf6 6. e5 Nd5 7. Ne4 Nf4 8. Nd6+ Bxd6 9. exd6 O-O 10. g3 Ng6 11. Bg2 e5 12. O-O e4 13. Ne5 Nxe5 14. Bxe5 Re8 15. Bc3 Nc6 16. Re1 f5 17. Qh5 Rf8 18. d3 g6 19. Qh6 Nd4 20. dxe4 fxe4 21. Bxd4 cxd4 22. Bxe4 Bxe4 23. Rxe4 Qf6 24. Rf1 Qxd6 25. Qd2 d3 26. Qxd3 Qxd3 27. cxd3 Rac8 28. Rc4 d5 29. Rd4 Rc2 30. a4 Rf5 31. Kg2 g5 32. g4 Re5 33. Kg3 h6 34. h4 Kg7 35. hxg5 hxg5 36. f4 Re3+ 37. Rf3 gxf4+ 38. Kxf4 Rxf3+ 39. Kxf3 Rb2 40. Rxd5 Rxb3 41. Ke4 Rb4+ 42. Rd4 Rb2 43. Rd7+ Kf6 44. Rxa7 Rb4+ 45. d4 Rc4 46. Kd5 Rb4 47. Ra6 Kg5 48. Ke5 Kxg4 49. d5 Kg5 50. d6 Rb1 51. d7 Rd1 52. Ke6 Re1+ 53. Kd6 Rd1+ 54. Kc7 Rc1+ 55. Kd8 Kf6 56. Rxb6+ Kf7 57. a5 Rc5 58. a6 Rc1 59. a7 Ra1 60. Rb7 Ra2 61. Kc8 Rc2+ 62. Kb8 Ke7 63. a8=Q Kd8 64. Qa5+ Ke7 65. d8=Q+ 1-0


[Site "https://www.chess.com"]

[Event "Titled Tuesday Blitz March 07 Late 2023"]
[White "Elissalt Cardenas, Hector"]
[Black "Do Valle Cardoso, Lucas"]
[WhiteFideId "3500632"]
[BlackFideId "2163144"]
[WhiteElo "2202"]
[BlackElo "2383"]
[Result "0-1"]
[Round "03"]
[TimeControl "180+2"]
[Date "2023.03.07"]
[WhiteClock "0:00:03"]
[BlackClock "0:00:19"]

1. d4 d5 2. c4 dxc4 3. Qa4+ Nd7 4. Nf3 Nf6 5. Nc3 a6 6. e4 e6 7. Bxc4 c6 8. Qd1 Bb4 9. Qe2 b5 10. Bd3 O-O 11. e5 Nd5 12. O-O Bb7 13. Nxd5 cxd5 14. Bxh7+ Kxh7 15. Ng5+ Kg6 16. h4 Rh8 17. Qd3+ f5 18. exf6+ Kxf6 19. Qf3+ Ke7 20. Qf7+ Kd6 21. Bf4+ e5 22. dxe5+ Kc6 23. Rac1+ Bc5 24. b4 Rxh4 25. Be3 Qh8 26. Nh3 d4 27. Qe6+ Kc7 28. bxc5 Bc6 29. Qd6+ Kb7 30. e6 Rxh3 31. gxh3 Qxh3 32. Qh2 Qg4+ 33. Qg3 Rh8 34. Bh6 Rxh6 0-1


[Site "https://www.chess.com"]

[Event "Titled Tuesday Blitz March 07 Late 2023"]
[White "Guzman, Christopher"]
[Black "Kraus, Tomas"]
[WhiteFideId "6405096"]
[BlackFideId "331708"]
[WhiteElo "2281"]
[BlackElo "2389"]
[Result "1-0"]
[Round "03"]
[TimeControl "180+2"]
[Date "2023.03.07"]
[WhiteClock "0:01:57"]
[BlackClock "0:00:02"]

1. e4 e6 2. Qe2 d5 3. exd5 Qxd5 4. Nc3 Qd8 5. Nf3 Nf6 6. g3 Be7 7. Bg2 O-O 8. O-O c5 9. d3 Nc6 10. a3 Nd4 11. Qd1 Rb8 12. Bg5 b6 13. Re1 Bb7 14. Nxd4 cxd4 15. Bxf6 Bxf6 16. Ne4 Re8 17. a4 a5 18. Nd2 Bxg2 19. Kxg2 Qd5+ 20. Qf3 Qxf3+ 21. Kxf3 Rbc8 22. Nc4 Rc6 23. Re2 Rec8 24. h4 Bd8 25. Ke4 Bf6 26. Rae1 Rb8 27. f4 Rc5 28. b3 g6 29. Kf3 Kg7 30. Rh1 h5 31. Re4 b5 32. axb5 Rbxb5 33. Ra1 Kf8 34. Ree1 Rd5 35. Ra4 Bd8 36. Rea1 Ke7 37. Nd2 Rdc5 38. R1a2 Bc7 39. Rxd4 Bb6 40. Rc4 Rxc4 41. bxc4 Rb4 42. Ne4 Rb1 43. c5 Bc7 44. d4 Rc1 45. c3 Kd7 46. Ra3 1-0


[Site "https://www.chess.com"]

[Event "Titled Tuesday Blitz March 07 Late 2023"]
[White "Mujumdar, Sameer"]
[Black "Fishbein, Alexander"]
[WhiteFideId "2029707"]
[BlackFideId "2000377"]
[WhiteElo "2104"]
[BlackElo "2415"]
[Result "0-1"]
[Round "03"]
[TimeControl "180+2"]
[Date "2023.03.07"]
[WhiteClock "0:01:21"]
[BlackClock "0:00:40"]

1. d4 c5 2. c3 d5 3. Nf3 Nf6 4. Bf4 Qb6 5. Nbd2 e6 6. e3 Nc6 7. Qb3 Be7 8. Be2 O-O 9. O-O c4 10. Qc2 Nh5 11. Bg5 Bxg5 12. Nxg5 Nf6 13. e4 h6 14. e5 hxg5 15. exf6 gxf6 16. f4 Qd8 17. fxg5 f5 18. Nf3 Kg7 19. Qd2 Rh8 20. Qf4 Qe7 21. Rae1 Bd7 22. Ne5 Nxe5 23. Qxe5+ f6 24. gxf6+ Qxf6 25. Qd6 Rad8 26. Rf3 Bc6 27. Rg3+ Kf7 28. Qc7+ Rd7 29. Qf4 Qh6 30. Rg5 Qh4 31. Bg4 Qxe1+ 0-1


[Site "https://www.chess.com"]

[Event "Titled Tuesday Blitz March 07 Late 2023"]
[White "Prem, Pranav"]
[Black "Lacey, Patrick"]
[WhiteFideId "30901057"]
[BlackFideId "2032007"]
[WhiteElo "1970"]
[BlackElo "2433"]
[Result "1-0"]
[Round "03"]
[TimeControl "180+2"]
[Date "2023.03.07"]
[WhiteClock "0:00:20"]
[BlackClock "0:00:02"]

1. d4 d5 2. c4 Nc6 3. Nf3 Bg4 4. Nc3 e6 5. Bg5 Be7 6. Bf4 Nf6 7. e3 O-O 8. Bd3 dxc4 9. Bxc4 a6 10. O-O b5 11. Bd3 Nb4 12. Be2 c5 13. dxc5 Bxc5 14. a4 bxa4 15. Qxa4 Nbd5 16. Be5 Bh5 17. Rfd1 Qb6 18. Qh4 Bg6 19. Na4 Qb4 20. Nxc5 Qxc5 21. Bxa6 Ne4 22. Rac1 Qb6 23. Bd3 f5 24. Bd4 Qb7 25. Ne5 Nb4 26. Bc4 Nd5 27. f3 Nef6 28. b3 Ra2 29. Ra1 Rfa8 30. Qe1 Be8 31. Rxa2 Rxa2 32. Ra1 Qa8 33. Qb1 Ra3 34. Rxa3 Qxa3 35. e4 Nf4 36. g3 fxe4 37. gxf4 1-0


[Site "https://www.chess.com"]

[Event "Titled Tuesday Blitz March 07 Late 2023"]
[White "Marczuk, Dominik"]
[Black "Czopor, Maciej"]
[WhiteFideId "1111264"]
[BlackFideId "21805431"]
[WhiteElo "2174"]
[BlackElo "2324"]
[Result "1-0"]
[Round "03"]
[TimeControl "180+2"]
[Date "2023.03.07"]
[WhiteClock "0:00:09"]
[BlackClock "0:00:01"]

1. e4 g6 2. d4 Bg7 3. Nc3 d6 4. f4 a6 5. Nf3 b5 6. Bd3 Bb7 7. Qe2 Nd7 8. O-O Nh6 9. Kh1 c5 10. dxc5 Nxc5 11. Be3 Rc8 12. Bd4 Bxd4 13. Nxd4 O-O 14. a3 e5 15. Nb3 f6 16. a4 b4 17. Nd5 Bxd5 18. exd5 a5 19. Nxc5 Rxc5 20. f5 Kg7 21. Qe4 g5 22. b3 Ng8 23. Bc4 Ne7 24. Rf3 Nc8 25. h4 h6 26. hxg5 hxg5 27. Rh3 Rh8 28. Rxh8 Qxh8+ 29. Kg1 Nb6 30. Rf1 Qh4 31. Re1 Nxc4 32. Qxh4 gxh4 33. bxc4 Rxc4 34. Re2 Kh6 35. Kf2 Kg5 36. Ke3 Kxf5 37. Rf2+ Kg5 38. Kd3 f5 39. Kxc4 Kg4 40. Kb5 e4 41. Kxa5 e3 42. Re2 f4 43. Kxb4 f3 44. gxf3+ Kxf3 45. Re1 Kf2 46. Rh1 e2 47. a5 h3 48. a6 e1=Q+ 49. Rxe1 Kxe1 50. a7 h2 51. a8=Q h1=Q 52. Qe8+ Kd2 53. c4 Qb1+ 54. Ka5 Kc3 55. Qc6 Qb4+ 56. Ka6 Qxc4+ 57. Kb6 Kb4 58. Qxd6+ Kb3 59. Qc5 Qh4 60. d6 Qd8+ 61. Kb5 Qe8+ 62. Kb6 Qd8+ 63. Kb7 Qd7+ 64. Qc7 Qf5 65. Qb6+ Ka2 66. Qc6 Qb1+ 67. Kc8 Qf5+ 68. d7 Qg4 69. Kc7 Qf4+ 70. Qd6 Qc4+ 71. Kb7 Qb5+ 72. Kc7 Qc4+ 73. Qc6 Qf4+ 74. Kb6 Qb4+ 75. Ka7 Qd4+ 76. Ka8 Qh8+ 77. Qc8 Qh1+ 78. Kb8 Qh2+ 79. Qc7 Qb2+ 80. Kc8 1-0


[Site "https://www.chess.com"]

[Event "Titled Tuesday Blitz March 07 Late 2023"]
[White "Hoffmann, Asa"]
[Black "Vlassov, Nikolai"]
[WhiteFideId "2001470"]
[BlackFideId "4103360"]
[WhiteElo "2117"]
[BlackElo "2324"]
[Result "0-1"]
[Round "03"]
[TimeControl "180+2"]
[Date "2023.03.07"]
[WhiteClock "0:00:40"]
[BlackClock "0:00:43"]

1. d4 Nf6 2. Bg5 e6 3. Nd2 h6 4. Bh4 c5 5. e3 b6 6. Ngf3 Bb7 7. Bd3 g5 8. Bg3 g4 9. Ne5 Rg8 10. O-O Be7 11. a4 d6 12. Nec4 cxd4 13. exd4 h5 14. c3 Nc6 15. a5 b5 16. a6 Bc8 17. Ne3 Rb8 18. Re1 b4 19. Qe2 bxc3 20. bxc3 Nd7 21. d5 Nce5 22. dxe6 fxe6 23. Bc2 h4 24. Bf4 Bg5 25. Bxg5 Qxg5 26. Ne4 Qe7 27. Rad1 d5 28. Rxd5 Nf3+ 29. Kh1 Nxe1 30. Qxe1 exd5 31. Nxd5 Qe5 32. Ba4 Kd8 33. c4 h3 34. Nb4 Rxb4 35. Qxb4 Qa1+ 0-1


[Site "https://www.chess.com"]

[Event "Titled Tuesday Blitz March 07 Late 2023"]
[White "Melikyan, Gnel"]
[Black "Grot, Blazej"]
[WhiteFideId "54109990"]
[BlackFideId "21835845"]
[WhiteElo "2138"]
[BlackElo "1823"]
[Result "1-0"]
[Round "03"]
[TimeControl "180+2"]
[Date "2023.03.07"]
[WhiteClock "0:00:21"]
[BlackClock "0:00:03"]

1. f3 e5 2. Kf2 d5 3. g3 Nf6 4. d3 c5 5. Nc3 Nc6 6. e4 dxe4 7. dxe4 Qc7 8. Be3 a6 9. Nd5 Nxd5 10. exd5 Nd4 11. c3 Nf5 12. Bc1 Be7 13. Ne2 O-O 14. g4 Bh4+ 15. Ng3 Nd6 16. Kg2 f5 17. gxf5 Nxf5 18. Bd3 e4 19. Nxe4 c4 20. Bb1 Qe5 21. Rg1 Rd8 22. f4 Qxd5 23. Qxd5+ Rxd5 24. Ng3 Nd6 25. Re1 b5 26. a4 Bb7 27. Kh3 Bf6 28. axb5 Nxb5 29. Be4 Bc8+ 30. Kg2 Bb7 31. Be3 Rd7 32. Bxb7 Rxb7 33. Bf2 Nc7 34. Ra2 Nd5 35. Kf3 Rab8 36. Re2 Bd8 37. Rd2 Ne7 38. Rxa6 Ng6 39. Ra7 Rxa7 40. Bxa7 Ra8 41. Be3 Bc7 42. Rd7 Bd8 43. Nf5 Bf6 44. Bd4 Bxd4 45. cxd4 Rb8 46. Rxg7+ Kh8 47. Rc7 Rb3+ 48. Ke4 Rxb2 49. Rc8+ 1-0


[Site "https://www.chess.com"]

[Event "Titled Tuesday Blitz March 07 Late 2023"]
[White "Beukes, Dante M"]
[Black "Flores Quillas, Diego Saul Rodri"]
[WhiteFideId "15200540"]
[BlackFideId "3822508"]
[WhiteElo "2199"]
[BlackElo "2326"]
[Result "0-1"]
[Round "03"]
[TimeControl "180+2"]
[Date "2023.03.07"]
[WhiteClock "0:00:06"]
[BlackClock "0:00:18"]

1. e4 c5 2. Nf3 d6 3. Bb5+ Nd7 4. O-O a6 5. Bxd7+ Bxd7 6. c3 Nf6 7. Re1 Bc6 8. d4 Bxe4 9. Bg5 Bxb1 10. Rxb1 e6 11. d5 e5 12. Bxf6 Qxf6 13. c4 b5 14. b4 cxb4 15. cxb5 axb5 16. Qe2 Rb8 17. Rxb4 Be7 18. Rxb5 O-O 19. Nd2 Qf5 20. Ne4 Qd7 21. Reb1 Qc7 22. Qb2 Rxb5 23. Qxb5 f5 24. Ng3 g6 25. Qb7 Rc8 26. h3 Kf7 27. Qb3 Qc4 28. Nf1 Qxb3 29. axb3 Rc5 30. b4 Rxd5 31. b5 Rc5 32. b6 Rc8 33. Ne3 Ke6 34. Nc4 Bd8 35. b7 Rb8 36. Kf1 d5 37. Ne3 Kd6 38. Ke2 Bc7 39. Kd3 f4 40. Ng4 Kc6 41. Nf6 Bb6 42. Rc1+ Kd6 43. Rc8 Rxb7 44. Ne8+ Ke6 45. Rc6+ Kd7 0-1


[Site "https://www.chess.com"]

[Event "Titled Tuesday Blitz March 07 Late 2023"]
[White "Mustafayev, Farid"]
[Black "Hajiyev, Kanan"]
[WhiteFideId "13408771"]
[BlackFideId "13404148"]
[WhiteElo "2269"]
[BlackElo "2103"]
[Result "1-0"]
[Round "03"]
[TimeControl "180+2"]
[Date "2023.03.07"]
[WhiteClock "0:01:11"]
[BlackClock "0:00:13"]

1. Nf3 Nf6 2. g3 g6 3. Bg2 Bg7 4. O-O O-O 5. d3 d5 6. Nbd2 c5 7. e4 Nc6 8. c3 e5 9. Qe2 Qc7 10. Rd1 Be6 11. a4 Rad8 12. b3 dxe4 13. dxe4 Na5 14. Rb1 h6 15. Ba3 Rd7 16. Rdc1 Rfd8 17. b4 Nc6 18. bxc5 Na5 19. h3 g5 20. g4 Rd3 21. Rc2 Nc4 22. Nxc4 Bxc4 23. Qe1 Ba6 24. Rd2 Nxe4 25. Qxe4 Rxd2 26. Nxd2 Rxd2 27. Qf5 Bd3 28. Rxb7 Qxb7 29. Bxb7 Bxf5 30. gxf5 Rc2 31. c6 Rxc3 32. Bd6 Bf8 33. Bxe5 Rc1+ 34. Kg2 f6 35. Bg3 h5 36. c7 h4 37. Bh2 1-0


[Site "https://www.chess.com"]

[Event "Titled Tuesday Blitz March 07 Late 2023"]
[White "Gatterer, Florian"]
[Black "Leiva, Gianmarco"]
[WhiteFideId "811688"]
[BlackFideId "3804399"]
[WhiteElo "2221"]
[BlackElo "2345"]
[Result "1/2-1/2"]
[Round "03"]
[TimeControl "180+2"]
[Date "2023.03.07"]
[WhiteClock "0:00:07"]
[BlackClock "0:00:10"]

1. c4 Nf6 2. Nf3 b6 3. g3 Bb7 4. Bg2 c5 5. O-O g6 6. Nc3 Bg7 7. Re1 Ne4 8. Nxe4 Bxe4 9. d3 Bb7 10. e4 Nc6 11. Rb1 O-O 12. Be3 d6 13. d4 cxd4 14. Nxd4 Nxd4 15. Bxd4 Rc8 16. b3 Bxd4 17. Qxd4 Rc5 18. h4 Qc7 19. Bf3 a6 20. Rbd1 b5 21. cxb5 axb5 22. h5 gxh5 23. Kg2 Ra8 24. Rd2 Re5 25. Re3 Qc5 26. Qb2 b4 27. Rc2 Qa5 28. Rd2 Rc8 29. Rc2 Rcc5 30. Rxc5 Qxc5 31. Qe2 Bc8 32. Kh2 Rg5 33. Rd3 h4 34. Bg2 hxg3+ 35. Rxg3 Qe5 36. Qe3 Rxg3 37. fxg3 Kg7 38. Qd2 h5 39. Qxb4 h4 40. Qe1 Qb2 41. Qe3 f6 42. gxh4 Qxa2 43. Qg3+ Kf8 44. h5 Qd2 45. Qg6 Qf4+ 46. Kh1 Qc1+ 47. Kh2 Qf4+ 48. Kh1 Qh4+ 49. Kg1 Qg4 50. Qxg4 Bxg4 51. h6 Kg8 52. b4 Kh7 53. Kf2 Kxh6 54. Ke3 Bd7 55. Bf1 e5 56. b5 Bc8 57. b6 Bb7 58. Bc4 f5 59. Bd5 f4+ 60. Kf3 Bc8 61. b7 Bxb7 62. Bxb7 Kg5 63. Bd5 Kh4 64. Bc6 Kg5 65. Bd5 Kh4 66. Bc4 Kg5 67. Kf2 Kg4 68. Be2+ Kh3 69. Kf3 Kh2 70. Bc4 Kg1 71. Bd5 Kf1 72. Bc6 Ke1 73. Bd5 Kd2 74. Be6 Kd3 75. Bd5 Kd2 76. Be6 Ke1 77. Bg4 Kd2 78. Bh3 Kd3 79. Bf5 Kd4 80. Be6 Kc3 81. Bd5 Kd2 1/2-1/2


[Site "https://www.chess.com"]

[Event "Titled Tuesday Blitz March 07 Late 2023"]
[White "Kielinkei"]
[Black "Gerzhoy, Leonid"]
[BlackFideId "2806126"]
[WhiteElo "2411"]
[BlackElo "2594"]
[Result "0-1"]
[Round "03"]
[TimeControl "180+2"]
[Date "2023.03.07"]
[WhiteClock "0:00:48"]
[BlackClock "0:01:08"]

1. d4 Nf6 2. c4 d6 3. g3 e5 4. dxe5 dxe5 5. Qxd8+ Kxd8 6. Bg2 c6 7. Nc3 Bb4 8. Bg5 Bxc3+ 9. bxc3 Ke7 10. O-O-O Be6 11. Nf3 Nd7 12. Nd2 h6 13. Bxf6+ Nxf6 14. Kb2 Rhd8 15. c5 Rd7 16. Ne4 Nxe4 17. Bxe4 Rad8 18. Rxd7+ Rxd7 19. Kc2 f5 20. Bg2 e4 21. a3 Bc4 22. e3 Rd5 23. g4 Rxc5 24. gxf5 Rxf5 25. Bxe4 Rxf2+ 26. Kb1 Rf1+ 27. Rxf1 Bxf1 28. Kc2 Kd6 29. Bf3 b5 30. Kd2 a5 31. h4 g5 32. hxg5 hxg5 33. e4 c5 34. Ke3 Ke5 35. Bg4 b4 36. c4 0-1


[Site "https://www.chess.com"]

[Event "Titled Tuesday Blitz March 07 Late 2023"]
[White "Jimenez Almeida, Luis David"]
[Black "Miszler, Levente"]
[WhiteFideId "22242244"]
[BlackFideId "763276"]
[WhiteElo "2245"]
[BlackElo "2176"]
[Result "1-0"]
[Round "03"]
[TimeControl "180+2"]
[Date "2023.03.07"]
[WhiteClock "0:02:09"]
[BlackClock "0:01:25"]

1. e4 c6 2. Nc3 d5 3. Qf3 d4 4. Bc4 Nh6 5. Nce2 Nd7 6. Qg3 b5 7. Bb3 Nc5 8. d3 Nxb3 9. axb3 Be6 10. Bxh6 gxh6 11. Qe5 Rg8 12. Qxd4 Rxg2 13. Qxd8+ Kxd8 14. Ng3 Bg7 15. Kf1 Rxg1+ 16. Rxg1 Bxb2 17. Rb1 Bc3 18. Ne2 Be5 19. Rg8+ 1-0


[Site "https://www.chess.com"]